 Dungeon Crawl Stone Soup version 0.24.0-29-g8ce449bc06 (webtiles) character file.

Game seed: 4372940305118585163, levelgen mode: deterministic

135 FishyPogo the Charmwright (level 5, -4/43 HPs)
             Began as a Gnoll Skald on Nov 16, 2019.
             Slain by an orc
             ... wielding a +0 hand axe
              (6 damage)
             ... on level 4 of the Dungeon.
             The game lasted 00:08:05 (2550 turns).

FishyPogo the Charmwright (Gnoll Skald)             Turns: 2550, Time: 00:08:06

Health: -4/43      AC:  4    Str: 14    XL:     5   Next: 18%
Magic:  14/21      EV: 14    Int: 15    God:
Gold:   134        SH:  0    Dex: 15    Spells: 3/14 levels left

rFire    + . .     SeeInvis .   i - +1 whip (freeze)
rCold    + . .     Gourm    .   (no shield)
rNeg     . . .     Faith    .   b - +0 leather armour
rPois    .         Spirit   .   (no helmet)
rElec    .         Reflect  .   p - scarf {rC+ rF+}
rCorr    .         Harm     .   e - +0 pair of gloves
MR       .....                  (no boots)
Stlth    ++........             m - amulet of regeneration
HPRegen  0.54/turn              g - ring of magical power
MPRegen  0.17/turn              (no ring)

@: lethally poisoned (-4 -> -37), infused, singing, very slightly contaminated
A: distributed training, fangs 1, strong nose
a: no special abilities


You were on level 4 of the Dungeon.
You were not hungry.

You visited 1 branch of the dungeon, and saw 4 of its levels.

You collected 134 gold pieces.

Inventory:

Hand Weapons
 a - a +0 falchion
 i - a +1 whip of freezing (weapon)
Missiles
 h - 22 stones (quivered)
 r - 17 poisoned darts
Armour
 b - a +0 leather armour (worn)
 e - a +0 pair of gloves (worn)
 p - a scarf of resistance (worn)
Jewellery
 g - a ring of magical power (left hand)
 m - an amulet of regeneration (around neck)
Scrolls
 c - 4 scrolls of identify {unknown}
 j - a scroll of amnesia
 l - 3 scrolls of teleportation {unknown}
 n - 3 scrolls of blinking
Potions
 k - a potion of invisibility {unknown}
 o - 2 potions of curing {unknown}
 q - a potion of degeneration {unknown}
 t - a potion of berserk rage {unknown}
Comestibles
 d - 6 rations
 f - a chunk of flesh


   Skills:
 + Level 4.7 Fighting
 + Level 1.3 Short Blades
 + Level 4.7 Long Blades
 + Level 1.3 Axes
 + Level 1.3 Maces & Flails
 + Level 1.3 Polearms
 + Level 1.3 Staves
 + Level 1.3 Slings
 + Level 1.3 Bows
 + Level 1.3 Crossbows
 + Level 1.3 Throwing
 + Level 2.9 Armour
 + Level 4.7 Dodging
 + Level 1.3 Stealth
 + Level 1.3 Shields
 + Level 1.3 Unarmed Combat
 + Level 5.1 Spellcasting
 + Level 1.1 Conjurations
 + Level 1.1 Hexes
 + Level 5.5 Charms
 + Level 1.1 Summonings
 + Level 1.1 Necromancy
 + Level 1.1 Translocations
 + Level 1.1 Transmutations
 + Level 1.1 Fire Magic
 + Level 1.1 Ice Magic
 + Level 1.1 Air Magic
 + Level 1.1 Earth Magic
 + Level 1.1 Poison Magic
 + Level 1.5 Invocations
 + Level 1.3 Evocations


You had 3 spell levels left.
You knew the following spells:

 Your Spells              Type           Power        Failure   Level  Hunger
h - Regeneration          Chrm/Necr      ##........   16%         3    ###....
j - Spectral Weapon       Hex/Chrm       ##......     16%         3    ###....
p - Shroud of Golubria    Chrm/Tloc      ##....       8%          2    ##.....
u - Song of Slaying       Chrm           ###.....     3%          2    ##.....
y - Infusion              Chrm           ###.         1%          1    None

Your spell library contained the following spells:

 Spells                   Type           Power        Failure   Level  Hunger


Dungeon Overview and Level Annotations

Branches:
Dungeon (4/15)             Temple (0/1) D:4

Altars:


Innate Abilities, Weirdness & Mutations

Your experience applies equally to all skills.
You have very sharp teeth.
Your uncanny sense of smell can sniff out nearby items.


Message History

The orc misses you. The scorpion stings you!
Casting: Infusion (safe; 1% risk of failure)
Confirm with . or Enter, or press ? or * to list all spells.
You draw out your weapon's spirit!
* * * LOW HITPOINT WARNING * * *
You feel very sick.
The orc wizard hits you but does no damage.
You are more poisoned.
The orc barely misses you. x2; The scorpion stings you.
* * * LOW HITPOINT WARNING * * *
You are more poisoned.
The scorpion poisons you!
You hit the scorpion but do no damage.
The scorpion is almost dead.
* * * LOW HITPOINT WARNING * * *
You feel very sick. The orc wizard closely misses you.
Your spectral weapon barely misses the scorpion.
The orc hits you with a +0 hand axe.
You die...

########
##......##
#......o.#
******##.....s@#
**,,,..##....(oo#
*∆,,,....>......#
***∆,,.[##......##
,**,,,,,*####'####
,**,,,,,*#....o..#
,####+####.......#
,+...............#
,#......##.....§##


You could see a scorpion, an orc wizard, 2 orcs and a friendly spectral +1 whip
of freezing.

Vanquished Creatures
  3 gnolls (D:2)
  2 adders (D:3)
  A worm (D:3)
  4 leopard geckos
  5 orcs (D:3)
  3 ball pythons
  4 giant cockroaches
  10 goblins
  10 hobgoblins
  8 jackals
  A quokka (D:3)
  3 bats
  3 frilled lizards
  5 kobolds
  8 rats
70 creatures vanquished.

Notes
Turn   | Place    | Note
-------+----------+-------------------------------------------
     0 | D:1      | FishyPogo the Gnoll Skald began the quest for the Orb.
     0 | D:1      | Reached XP level 1. HP: 20/20 MP: 6/6
    98 | D:1      | Reached XP level 2. HP: 25/26 MP: 2/7
   286 | D:1      | Learned a level 2 spell: Song of Slaying
   289 | D:1      | Learned a level 2 spell: Shroud of Golubria
   416 | D:1      | Reached XP level 3. HP: 31/31 MP: 9/9
   420 | D:1      | Reached skill level 5 in Spellcasting
   896 | D:2      | Reached skill level 1 in Invocations
   901 | D:2      | Learned a level 3 spell: Spectral Weapon
   905 | D:2      | Learned a level 3 spell: Regeneration
  1249 | D:2      | Reached skill level 1 in Short Blades
  1249 | D:2      | Reached skill level 1 in Axes
  1249 | D:2      | Reached skill level 1 in Maces & Flails
  1249 | D:2      | Reached skill level 1 in Polearms
  1249 | D:2      | Reached skill level 1 in Staves
  1249 | D:2      | Reached skill level 1 in Slings
  1249 | D:2      | Reached skill level 1 in Bows
  1249 | D:2      | Reached skill level 1 in Crossbows
  1249 | D:2      | Reached skill level 1 in Throwing
  1249 | D:2      | Reached skill level 1 in Stealth
  1249 | D:2      | Reached skill level 1 in Shields
  1249 | D:2      | Reached skill level 1 in Unarmed Combat
  1249 | D:2      | Reached skill level 1 in Evocations
  1249 | D:2      | Reached XP level 4. HP: 38/38 MP: 11/11
  1671 | D:3      | Reached skill level 1 in Conjurations
  1671 | D:3      | Reached skill level 1 in Hexes
  1671 | D:3      | Reached skill level 1 in Summonings
  1671 | D:3      | Reached skill level 1 in Necromancy
  1671 | D:3      | Reached skill level 1 in Translocations
  1671 | D:3      | Reached skill level 1 in Transmutations
  1671 | D:3      | Reached skill level 1 in Fire Magic
  1671 | D:3      | Reached skill level 1 in Ice Magic
  1671 | D:3      | Reached skill level 1 in Air Magic
  1671 | D:3      | Reached skill level 1 in Earth Magic
  1671 | D:3      | Reached skill level 1 in Poison Magic
  2173 | D:3      | Reached XP level 5. HP: 43/43 MP: 12/12
  2550 | D:4      | HP: 2/43 [poisoned by a scorpion]
  2550 | D:4      | Slain by an orc

Levels and vault maps discovered:
D:1:      eino_arrival_cavern_b, layout_basic, hangedman_decor_growths,
          minmay_strange_pillars, st_stairs_10, lemuel_old_faithful
D:2:      layout_loops_corners, kennysheep_generic_room_4
D:3:      layout_basic
D:4:      layout_gridville, minmay_temple_entry_stoned_glass, serial_shops,
          nicolae_shop_competitors_out_of_business, uniq_blork_the_orc,
          uniq_crazy_yiuf_cottage

Skill      XL: |  1  2  3  4 |
---------------+-------------+-----
Spellcasting   | 5 |  5.1
Invocations    | 1 |  1.5
Short Blades   | 1 |  1.3
Axes           | 1 |  1.3
Maces & Flails | 1 |  1.3
Polearms       | 1 |  1.3
Staves         | 1 |  1.3
Slings         | 1 |  1.3
Bows           | 1 |  1.3
Crossbows      | 1 |  1.3
Throwing       | 1 |  1.3
Stealth        | 1 |  1.3
Shields        | 1 |  1.3
Unarmed Combat | 1 |  1.3
Evocations     | 1 |  1.3
Conjurations   | 1 |  1.1
Hexes          | 1 |  1.1
Summonings     | 1 |  1.1
Necromancy     | 1 |  1.1
Translocations | 1 |  1.1
Transmutations | 1 |  1.1
Fire Magic     | 1 |  1.1
Ice Magic      | 1 |  1.1
Air Magic      | 1 |  1.1
Earth Magic    | 1 |  1.1
Poison Magic   | 1 |  1.1
Fighting       | |  4.7
Long Blades    | |  4.7
Armour         | |  2.9
Dodging        | |  4.7
Charms         | |  5.5

Action                   |  1- 3 |  4- 6 || total
-------------------------+-------+-------++-------
Melee: Falchion          |    82 |     5 ||    87
       Bite              |     4 |     7 ||    11
       Punch             |     1 |     1 ||     2
       Whip              |       |    68 ||    68
Throw: Stone             |       |     4 ||     4
 Cast: Infusion          |    21 |     9 ||    30
       Shroud of Golubri |    15 |     7 ||    22
       Spectral Weapon   |       |     4 ||     4
       Regeneration      |       |     1 ||     1
       Song of Slaying   |       |     1 ||     1
  Use: Scroll            |       |     3 ||     3
 Stab: Sleeping          |     2 |       ||     2
  Eat: Chunk             |     2 |     4 ||     6
Armor: Leather armour    |    16 |    24 ||    40
Dodge: Dodged            |    51 |    59 ||   110
       Rpst.: Falchion   |    14 |     2 ||    16
